Map: Battle on the Boardwalk LE

Players

JagrsMullets

  • Race: Protoss Protoss
  • Spawn Location: 1:00

arrexx - Winner!

  • Race: Protoss Protoss
  • League: Platinum
  • Spawn Location: 11:00

VOD

Have the link to the VOD?

Description

Time

  • Played on: Dec. 21, 2017, 4:22 a.m.
  • Length: 9:01
Show
View Real Time Build Order
Export as new Build Order

JagrsMullets Protoss 

Build Orders:  

Get SALT Encoding   

  12  0:01  Probe (Chrono Boost)  
  13  0:16  Pylon  
  13  0:29  Probe  
  14  0:39  Forge  
  14  0:41  Probe  
  15  0:54  Probe  
  16  0:58  Pylon  
  16  1:04  Pylon  
  16  1:09  Probe (Chrono Boost)  
  17  1:17  Assimilator  
  18  1:19  Probe (Chrono Boost)  
  18  1:24  Probe (Chrono Boost)  
  18  1:28  Gateway  
  19  1:39  Photon Cannon  
  19  1:50  Photon Cannon  
  19  2:00  Probe (Chrono Boost)  
  20  2:11  Probe (Chrono Boost)  
  20  2:14  Photon Cannon  
  21  2:16  Probe (Chrono Boost)  
  22  2:23  Photon Cannon  
  22  2:26  Probe  
  23  2:36  Cybernetics Core  
  23  2:42  Pylon  
  23  2:48  Pylon  
  23  2:54  Pylon  
  23  3:14  Photon Cannon x2  
  23  3:22  Photon Cannon  
  23  3:27  Pylon  
  23  3:48  Stargate  
  23  4:02  Pylon  
  23  4:05  Pylon  
  23  4:14  Nexus  
  16  4:21  Stalker  
  4  5:10  Probe (Chrono Boost)  
  5  5:43  Probe (Chrono Boost)  
  6  6:03  Probe  
  7  6:23  Probe (Chrono Boost)  
  8  6:32  Probe (Chrono Boost)  
  9  6:39  Probe (Chrono Boost)  
  10  6:45  Probe (Chrono Boost)  
  12  6:56  Probe (Chrono Boost)  
  12  7:03  Probe (Chrono Boost)  
  13  7:11  Probe (Chrono Boost)  
  15  7:16  Probe (Chrono Boost)  
  15  7:24  Probe (Chrono Boost)  
  16  7:35  Phoenix  
  18  7:42  Probe (Chrono Boost)  
  21  7:53  Probe x2 (Chrono Boost)  
  21  7:58  Probe (Chrono Boost)  
  21  8:00  Probe  
  24  8:15  Probe (Chrono Boost)  
  24  8:17  Probe (Chrono Boost)  
  25  8:26  Probe (Chrono Boost)  
  27  8:28  Probe (Chrono Boost)  
  27  8:31  Probe (Chrono Boost)  
  27  8:32  Zealot  
  19  8:43  Probe  
  19  8:45  Photon Cannon  
Show
View Real Time Build Order
Export as new Build Order

arrexx Protoss - Winner!

Build Orders: Oracle Opening 

Get SALT Encoding   

  12  0:01  Probe  
  13  0:13  Probe  
  14  0:18  Pylon  
  14  0:25  Probe  
  15  0:37  Gateway, Probe  
  16  0:47  Assimilator  
  16  0:49  Probe  
  17  0:52  Assimilator  
  17  1:01  Probe  
  18  1:13  Probe, Pylon  
  19  1:26  Probe  
  19  1:32  Cybernetics Core  
  20  1:38  Probe  
  21  1:49  Zealot (Chrono Boost)  
  23  2:09  Probe  
  23  2:11  Stalker  
  26  2:17  Stargate  
  26  2:24  Probe  
  27  2:42  Pylon  
  27  2:45  Warp Gate  
  27  2:59  Pylon  
  27  3:05  Probe  
  27  3:09  Oracle (Chrono Boost)  
  27  3:10  Stalker  
  33  3:32  Probe  
  34  3:36  Nexus  
  34  3:37  Gateway  
  34  3:49  Pylon  
  34  3:50  Probe  
  35  4:02  Stalker  
  37  4:12  Probe  
  38  4:19  Void Ray  
  38  4:24  Probe  
  43  4:36  Robotics Facility, Probe  
  44  4:48  Probe  
  46  5:00  Probe (Chrono Boost)  
  46  5:02  Probe (Chrono Boost)  
  47  5:07  Gateway, Void Ray  
  47  5:12  Probe (Chrono Boost)  
  47  5:13  Stalker  
  54  5:21  Probe  
  55  5:24  Probe  
  56  5:30  Observer (Chrono Boost)  
  57  5:35  Gateway  
  57  5:42  Forge  
  57  5:45  Pylon  
  57  5:48  Probe  
  58  5:50  Assimilator  
  58  5:56  Shield Battery  
  58  5:58  Probe  
  58  6:00  Probe  
  58  6:01  Assimilator  
  58  6:02  Observer  
  61  6:17  Probe  
  61  6:18  Stalker x2  
  64  6:19  Stalker  
  64  6:20  Protoss Ground Weapons Level 1 (Chrono Boost)  
  68  6:32  Probe  
  69  6:36  Probe  
  70  6:43  Photon Cannon  
  70  6:44  Probe  
  71  6:47  Pylon  
  67  7:06  Probe  
  66  7:16  Stalker  
  66  7:17  Stalker x2  
  66  7:19  Nexus  
  66  7:22  Pylon  
  72  7:25  Assimilator, Probe  
  72  7:29  Assimilator  
  73  7:37  Photon Cannon  
  73  7:42  Gateway  
  73  7:43  Zealot x3  
  79  7:45  Gateway  
  79  7:47  Void Ray (Chrono Boost), Observer  
  79  7:48  Twilight Council  
  83  7:52  Gateway  
  83  7:53  Gateway  
  83  7:56  Probe  
  85  7:59  Zealot  
  87  8:12  Stalker x2  
  91  8:13  Stalker  
  93  8:42  Zealot  
  93  8:43  Zealot x3  
Tags
 
Add a new tag
Caveats
  • Supply blocks, unpowered buildings, or Contaminate may cause inaccurate times.
  • Supply counts are checked every 10 seconds.